Map: Turbo Cruise '84 LE

Players

TiPtOP - Winner!

  • Race: Terran Terran
  • League: Silver
  • Spawn Location: 3:00

Iris

  • Race: Zerg Zerg
  • League: Silver
  • Spawn Location: 7:00

VOD

Have the link to the VOD?

Description

Time

  • Played on: Aug. 18, 2019, 10:49 p.m.
  • Length: 18:05
Show
View Real Time Build Order
Export as new Build Order

TiPtOP Terran - Winner!

Build Orders: Mech 

Get SALT Encoding   

  12  0:01  SCV  
  13  0:13  SCV  
  14  0:21  Supply Depot  
  14  0:25  SCV  
  15  0:43  SCV  
  15  0:48  Barracks  
  16  0:51  Refinery  
  16  0:55  SCV  
  17  1:07  SCV  
  18  1:19  SCV  
  18  1:20  Supply Depot  
  19  1:31  SCV  
  20  1:42  Marine  
  20  1:43  SCV  
  22  1:51  Command Center  
  22  1:55  SCV  
  23  2:07  SCV  
  24  2:10  Factory  
  24  2:13  Refinery  
  24  2:20  Orbital Command  
  24  2:27  Barracks Tech Lab  
  24  3:05  Engineering Bay  
  24  3:08  Bunker, Siege Tank  
  27  3:16  SCV  
  27  3:19  Orbital Command  
  28  3:28  SCV  
  29  3:38  Factory  
  29  3:52  SCV  
  29  3:53  SCV, Supply Depot  
  29  3:54  Supply Depot  
  31  3:57  Missile Turret  
  31  3:59  Missile Turret  
  31  4:04  Siege Tank, SCV  
  31  4:05  SCV  
  36  4:23  Factory Reactor  
  36  4:25  Factory  
  36  4:26  SCV x2  
  36  4:30  Refinery  
  38  4:36  Siege Tank  
  41  4:44  SCV  
  42  4:47  SCV  
  43  4:55  Command Center  
  43  4:56  SCV  
  43  4:58  Armory  
  43  4:59  SCV  
  45  5:08  SCV  
  45  5:11  Siege Tank, SCV  
  50  5:20  SCV  
  51  5:23  Hellion  
  51  5:24  Hellion  
  51  5:25  Factory Tech Lab  
  55  5:35  Refinery  
  55  5:36  SCV  
  55  5:37  SCV  
  55  5:38  Missile Turret  
  57  5:48  SCV  
  57  5:49  SCV  
  59  5:58  Supply Depot  
  59  5:59  Supply Depot  
  59  6:00  SCV  
  59  6:01  Supply Depot  
  60  6:05  Supply Depot  
  60  6:06  Thor  
  66  6:14  Command Center  
  66  6:18  Thor  
  72  6:30  Orbital Command  
  72  6:31  SCV x2  
  74  6:43  SCV  
  75  6:49  Thor  
  81  6:55  Armory  
  81  6:59  SCV  
  83  7:01  SCV  
  83  7:08  Thor  
  89  7:11  SCV  
  90  7:29  Hellion x2  
  94  7:32  Thor  
  100  7:50  Hellbat x2  
  100  7:51  Hellbat  
  106  7:53  SCV x2  
  106  7:54  SCV  
  109  7:58  Refinery  
  109  8:00  Refinery  
  109  8:03  Supply Depot  
  109  8:04  Supply Depot  
  109  8:05  SCV  
  109  8:06  Supply Depot  
  109  8:07  Command Center  
  109  8:12  Thor  
  116  8:14  Thor  
  122  8:20  Factory  
  122  8:25  Factory  
  122  8:34  SCV x3  
  122  8:38  Hellbat x2  
  129  8:47  Planetary Fortress  
  129  8:55  Thor  
  135  8:58  Hellbat  
  135  9:00  SCV x3  
  140  9:10  Terran Vehicle Weapons Level 1  
  140  9:12  SCV  
  141  9:19  Thor  
  147  9:26  Orbital Command  
  147  9:30  Missile Turret  
  147  9:52  Missile Turret  
  147  10:14  SCV  
  147  10:18  SCV x4  
  152  10:26  SCV  
  153  10:30  SCV x2  
  153  10:32  SCV  
  153  10:33  Refinery  
  153  10:34  Missile Turret, Refinery  
  153  10:35  SCV  
  157  10:37  Missile Turret  
  157  10:38  SCV  
  157  10:42  SCV, Hellbat x2  
  163  10:43  Factory Tech Lab  
  163  10:45  Factory Tech Lab  
  163  11:06  SCV x2  
  163  11:07  SCV x2  
  163  11:10  SCV  
  160  11:11  Thor  
  160  11:13  Thor  
  145  11:18  SCV  
  145  11:22  Supply Depot  
  145  11:23  Supply Depot  
  138  11:30  SCV  
  133  11:35  Terran Vehicle Weapons Level 2, Terran Vehicle And Ship Armor Level 1  
  133  11:37  Hi-Sec Auto Tracking  
  133  11:38  Thor x2  
  133  11:39  Hellbat x2  
  139  11:46  SCV, Supply Depot  
  140  11:54  Thor  
  140  11:55  Thor  
  140  11:59  SCV  
  140  12:01  Hellbat  
  155  12:11  SCV  
  156  12:17  Hellbat  
  156  12:19  Infernal Pre-Igniter  
  156  12:21  Thor x2, Command Center, Smart Servos  
  156  12:22  Refinery  
  170  12:23  SCV  
  170  12:24  Missile Turret  
  170  12:29  Missile Turret, Refinery  
  171  12:30  Supply Depot  
  171  12:32  Supply Depot  
  171  12:37  Supply Depot  
  171  12:40  Supply Depot  
  171  12:41  Supply Depot  
  171  12:52  Thor, Hellbat  
  171  12:53  Thor  
  171  12:57  Supply Depot  
  185  13:00  Supply Depot  
  185  13:13  Refinery  
  185  13:17  SCV x2, Command Center  
  185  13:18  SCV  
  188  13:27  SCV  
  188  13:29  SCV x2  
  188  13:31  Thor  
  188  13:32  Hellbat  
  188  13:33  Planetary Fortress  
  166  14:24  Thor x4  
  148  14:27  Factory  
  148  14:29  Hellbat x2  
  156  14:32  Factory  
  156  14:50  Hellbat x2  
  156  14:51  Planetary Fortress  
  160  15:07  Thor x3  
  160  15:12  Factory  
  178  15:20  Hellbat x3  
  173  15:43  Refinery  
  170  15:53  Refinery  
  170  15:54  Missile Turret  
  170  15:56  Missile Turret  
  156  16:04  Thor x3  
  162  16:05  Hellbat x2  
  162  16:06  Factory Tech Lab x2  
  178  16:23  Command Center  
  178  16:32  Refinery  
  178  16:33  Missile Turret, Refinery  
  178  16:34  Missile Turret  
  178  16:40  Thor  
  178  16:41  Hellbat x2  
  178  16:46  Thor  
  178  16:47  Thor  
  188  17:52  SCV  
Show
View Real Time Build Order
Export as new Build Order

Iris Zerg 

Build Orders: Hatch First, Swarm Host 

Get SALT Encoding   

  12  0:15  Overlord, Drone  
  13  0:22  Drone  
  14  0:47  Drone  
  14  0:48  Hatchery  
  14  0:51  Drone  
  14  0:56  Drone  
  16  1:01  Drone  
  17  1:18  Spawning Pool  
  17  1:19  Drone  
  17  1:24  Extractor  
  16  1:25  Extractor  
  16  1:26  Drone  
  16  1:35  Drone  
  17  1:42  Drone  
  18  1:56  Drone  
  19  2:05  Drone  
  19  2:08  Zergling x2  
  21  2:14  Zergling x2, Hatchery  
  21  2:17  Drone  
  22  2:28  Queen  
  22  2:29  Drone  
  25  2:32  Drone  
  26  2:42  Lair  
  26  2:44  Zergling x2  
  27  2:54  Drone  
  27  2:57  Overlord  
  28  3:04  Extractor  
  27  3:10  Drone  
  28  3:22  Spine Crawler  
  28  3:24  Drone x2  
  28  3:25  Drone  
  30  3:39  Drone x2  
  30  3:41  Zergling x2  
  33  3:44  Drone x3  
  36  3:55  Hydralisk Den  
  35  4:00  Drone  
  35  4:01  Nydus Network  
  35  4:02  Drone  
  36  4:07  Zergling x2  
  37  4:13  Extractor  
  36  4:17  Drone x4  
  36  4:18  Drone  
  41  4:29  Overlord  
  41  4:32  Overseer  
  41  4:35  Overseer  
  41  4:38  Overseer  
  41  4:42  Drone  
  42  4:47  Queen  
  42  4:51  Drone x2  
  42  4:52  Drone  
  47  4:54  Drone x3  
  47  4:57  Nydus Canal  
  50  5:03  Overlord  
  50  5:17  Overlord  
  50  5:21  Queen  
  52  5:33  Drone  
  52  5:34  Hydralisk  
  55  5:41  Hatchery  
  55  5:42  Hydralisk x3  
  54  5:47  Grooved Spines  
  54  5:49  Metabolic Boost  
  60  5:55  Drone x3  
  63  5:58  Burrow  
  63  5:59  Drone x2  
  65  6:11  Drone  
  65  6:17  Overlord x4  
  66  6:25  Infestation Pit  
  66  6:30  Drone  
  66  6:36  Drone  
  66  6:37  Drone x4  
  66  6:39  Drone x2  
  73  6:41  Drone  
  74  6:51  Hydralisk x4  
  74  6:53  Hydralisk  
  74  6:54  Hydralisk  
  82  6:58  Muscular Augments  
  86  7:01  Nydus Canal, Evolution Chamber  
  86  7:03  Evolution Chamber  
  86  7:06  Drone  
  86  7:07  Drone  
  86  7:12  Pneumatized Carapace  
  86  7:15  Nydus Canal  
  86  7:17  Queen  
  86  7:19  Drone x3  
  86  7:22  Extractor  
  90  7:24  Extractor  
  90  7:29  Zerg Ground Armor Level 1  
  89  7:31  Zerg Missile Weapons Level 1  
  89  7:33  Zergling x6  
  89  7:36  Zergling x2  
  89  7:37  Zergling x4  
  95  7:42  Zergling x4  
  97  7:49  Spine Crawler  
  96  7:59  Spore Crawler  
  96  8:00  Drone  
  96  8:03  Drone x5  
  96  8:05  Hive  
  101  8:07  Swarm Host  
  101  8:09  Overlord x2  
  104  8:15  Overlord x3  
  104  8:31  Hydralisk x2  
  108  8:40  Hatchery  
  107  8:43  Hydralisk x4  
  107  8:46  Swarm Host x2  
  124  8:51  Hatchery  
  123  8:59  Drone x2, Hydralisk x2  
  123  9:00  Hydralisk x2  
  133  9:13  Nydus Network  
  132  9:19  Evolution Chamber, Hydralisk x3  
  132  9:22  Swarm Host  
  144  9:24  Zergling x2  
  144  9:31  Nydus Canal  
  144  9:45  Nydus Canal  
  144  9:54  Drone x3  
  147  10:25  Overlord x5  
  147  10:27  Overlord x3  
  147  10:28  Overlord x2  
  147  10:33  Drone  
  148  10:36  Overlord  
  148  10:37  Overlord x2  
  148  10:38  Zerg Missile Weapons Level 2  
  148  10:39  Zerg Ground Armor Level 2, Zerg Melee Weapons Level 1  
  148  10:43  Nydus Canal  
  148  10:45  Nydus Canal  
  148  10:48  Hydralisk x2  
  148  10:49  Hydralisk  
  154  10:51  Swarm Host x3  
  154  10:55  Hydralisk x2  
  167  10:58  Swarm Host x2  
  167  11:00  Zergling x6  
  108  11:45  Hydralisk x3  
  114  11:53  Ultralisk Cavern  
  113  11:56  Hydralisk x3  
  119  12:02  Hydralisk x3  
  119  12:07  Hydralisk  
  119  12:08  Hydralisk x2  
  127  12:14  Queen  
  133  12:17  Queen  
  135  12:23  Nydus Canal  
  135  12:25  Nydus Canal  
  135  12:29  Hydralisk  
  135  12:32  Hydralisk x3  
  135  12:36  Extractor  
  142  12:39  Extractor  
  142  12:40  Nydus Canal  
  141  12:50  Hydralisk  
  141  12:51  Ultralisk  
  149  12:54  Zergling x6  
  149  12:55  Zergling x4  
  149  12:57  Zergling x10  
  159  13:05  Overseer  
  159  13:06  Extractor  
  159  13:08  Overseer, Extractor  
  157  13:14  Ultralisk  
  157  13:15  Zergling x4  
  157  13:17  Hydralisk x2  
  169  13:22  Queen  
  171  13:27  Ultralisk  
  171  13:31  Zergling x2  
  171  13:32  Zergling x4  
  180  13:34  Zergling x8  
  180  13:35  Zergling x2  
  180  13:36  Zergling x4  
  180  13:37  Zergling x2  
  188  13:43  Nydus Canal  
  118  14:36  Ultralisk x2  
  118  14:37  Ultralisk x2  
  142  14:39  Zergling x4  
  142  14:41  Zergling x6  
  147  14:45  Zergling x2  
  147  14:46  Zergling x4  
  150  14:57  Hydralisk  
  150  14:58  Hydralisk x4  
  160  15:03  Zergling x2  
  158  15:07  Hydralisk x5  
  153  15:36  Nydus Canal  
  153  15:38  Nydus Canal  
  75  16:10  Ultralisk  
  75  16:11  Ultralisk x4  
  99  16:15  Zergling x4  
  99  16:16  Zergling x2  
  108  16:23  Zergling x8  
  112  16:29  Hydralisk x2  
  116  16:32  Hydralisk  
  114  16:43  Ultralisk  
  114  16:45  Zergling x4  
  128  16:50  Zergling x6  
  120  16:54  Zergling x6  
  94  17:03  Zergling x4  
  93  17:12  Hydralisk x3  
Tags
 
Add a new tag
Caveats
  • Supply blocks, unpowered buildings, or Contaminate may cause inaccurate times.
  • Supply counts are checked every 10 seconds.